 Dungeon Crawl Stone Soup version 0.27.1-33-g824d729ab1 (webtiles) character file.

Game seed: 7036410907949488214

14 zeram the Sneak (level 2, 0/13 HPs)
             Began as a Spriggan Enchanter on Dec 31, 2021.
             Slain by a jackal (2 damage)
             ... on level 1 of the Dungeon.
             The game lasted 00:01:28 (1286 turns).

zeram the Sneak (Spriggan Enchanter)                Turns: 1286, Time: 00:01:29

Health: 0/13       AC:  2    Str:  4    XL:     2   Next: 27%
Magic:  6/6        EV: 17    Int: 16    God:
Gold:   10         SH:  0    Dex: 15    Spells: 5/6 levels left

rFire    . . .     SeeInvis +   a - +1 dagger
rCold    . . .     Faith    .   (shield restricted)
rNeg     . . .     Spirit   .   b - +0 robe
rPois    .         Reflect  .   (helmet restricted)
rElec    .         Harm     .   (no cloak)
rCorr    .         Rampage  .   (gloves unavailable)
Will     .....                  (boots unavailable)
Stlth    +++.......             (no amulet)
HPRegen  0.04/turn              (no ring)
MPRegen  0.10/turn              (no ring)

@: very quick
A: very small, no large weapons, unfitting armour, see invisible, speed 3
a: no special abilities


You were on level 1 of the Dungeon.
You visited 1 branch of the dungeon, and saw 1 of its levels.

You collected 10 gold pieces.

Inventory:

Hand Weapons
 a - a +1 dagger (weapon)
Armour
 b - a +0 robe (worn)
Scrolls
 c - a scroll of amnesia {unknown}
 g - 2 scrolls of identify {unknown}
 h - a scroll of vulnerability {unknown}
Potions
 d - a potion of curing {unknown}
 e - a potion of attraction {unknown}
 f - a potion of haste {unknown}


   Skills:
 + Level 1.3 Short Blades
 + Level 2.8 Dodging
 + Level 4.8 Stealth
 + Level 2.8 Spellcasting
 + Level 4.0 Hexes


You had 5 spell levels left.
You knew the following spells:

 Your Spells              Type           Power      Damage    Failure   Level
a - Corona                Hex            16%        N/A       3%          1

Your spell library contained the following spells:

 Spells                   Type           Power      Damage    Failure   Level
 Confusing Touch          Hex            15%        N/A       11%         3
 Tukima's Dance           Hex            15%        N/A       11%         3
 Ensorcelled Hibernation  Hex/Ice        16%        N/A       13%         2
 Dazzling Flash           Conj/Hex       16%        N/A       26%         3


Dungeon Overview and Level Annotations

Branches:
Dungeon (1/15)

Altars:

Shops:
D:1 *


Innate Abilities, Weirdness & Mutations

You are very small and have problems with some larger weapons.
You are too small for most types of armour.
You have supernaturally acute eyesight. (SInv)
You cover ground extremely quickly. (Speed+++)


Message History

You are too injured to fight recklessly!
You are too injured to fight recklessly!
You are too injured to fight recklessly!
You are too injured to fight recklessly!
You are too injured to fight recklessly!
You are too injured to fight recklessly!
You are too injured to fight recklessly!
You are too injured to fight recklessly!
You are too injured to fight recklessly!
You are too injured to fight recklessly!
You are too injured to fight recklessly!
You are too injured to fight recklessly!
You are too injured to fight recklessly!
You are too injured to fight recklessly!
You are too injured to fight recklessly!
You are too injured to fight recklessly!
Unknown command.
You see here a scroll labelled OMNOHOOS FAEN.
g - 2 scrolls labelled OMNOHOOS FAEN (gained 1)
The jackal bites you. The jackal closely misses you.
The jackal barely misses you. The jackal misses you.
You hit the jackal.
The jackal is severely wounded.
The jackal barely misses you.
You hit the jackal but do no damage.
The jackal is severely wounded.
A jackal comes into view.
The jackal bites you but does no damage.
You closely miss the jackal.
The jackal is severely wounded.
The jackal completely misses you.
The jackal barks!
You hit the jackal.
You kill the jackal!
You completely miss the jackal.
The jackal is heavily wounded.
The jackal bites you.
* * * LOW HITPOINT WARNING * * *
The jackal bites you.
You die...

## #.# #+# #.#
#.# #.##.# ##.#
########.#.### ##
#..#
#............##.#
#.## #.#........#
#.# #.........##
#.#
#.#...##.h#####.#
#.##.###..hh@...#
. #.# ##.#######
## #.# #.# ...
..# ### ####


You could see 3 jackals.

Vanquished Creatures
  2 endoplasms (D:1)
  2 giant cockroaches (D:1)
  A goblin (D:1)
  A jackal (D:1)
  A quokka (D:1)
  A bat (D:1)
  3 frilled lizards (D:1)
  2 rats (D:1)
13 creatures vanquished.

Notes
Turn   | Place    | Note
-------+----------+-------------------------------------------
     0 | D:1      | zeram the Spriggan Enchanter began the quest for the Orb.
     0 | D:1      | Reached XP level 1. HP: 9/9 MP: 5/5
   516 | D:1      | Reached XP level 2. HP: 13/13 MP: 6/6
   607 | D:1      | Found Bolirheurgh's General Store.
  1286 | D:1      | Slain by a jackal

Illustrated notes

Levels and vault maps discovered:
D:1:      roderic_chinese_lattice_arrival, layout_loops_corners, serial_shops,
          shop, dreamdust_ecumenical_altar_drowned_temple

Skill      XL: |  1 |
---------------+----+-----
Hexes          | 4 |  4.0
Short Blades   | |  1.3
Dodging        | |  2.8
Stealth        | |  4.8
Spellcasting   | |  2.8

Action                   || total
-------------------------++-------
Melee: Dagger            ||    53
 Stab: Sleeping          ||     6
Armor: Robe              ||     9
Dodge: Dodged            ||    43
